 Dungeon Crawl Stone Soup version 0.19-a0-1875-g4fea3da (webtiles) character file.

54 Amnesiac the Slasher (level 4, 0/30 HPs)
             Began as a Halfling Monk on Oct 13, 2016.
             Slain by a worker ant (3 damage)
             ... on level 4 of the Dungeon.
             The game lasted 00:01:37 (589 turns).

Amnesiac the Slasher (Halfling Monk)                 Turns: 589, Time: 00:01:38

Health: 0/30       AC:  3    Str: 13    XL:     4   Next: 12%
Magic:  4/4        EV: 16    Int:  8    God:
Gold:   9          SH:  0    Dex: 16    Spells: 0 memorised, 3 levels left

rFire  . . .     SeeInvis .     a - +0 falchion
rCold  . . .     Gourm    .     b - +0 robe
rNeg   . . .     Faith    .     (shield restricted)
rPois  .         Spirit   .     (no helmet)
rElec  .         Dismiss  .     (no cloak)
rCorr  .         Reflect  .     f - +0 pair of gloves
MR     .....     Harm     .     (no boots)
Stlth  ++........               (no amulet)
                                (no ring)
                                (no ring)

@: no status effects
A: mutation resistance 1
a: no special abilities


You were on level 4 of the Dungeon.
You were not hungry.

You visited 1 branch of the dungeon, and saw 4 of its levels.

You collected 9 gold pieces.

Inventory:

Hand Weapons
 a - a +0 falchion (weapon)
Armour
 b - a +0 robe (worn)
 f - a +0 pair of gloves (worn)
Scrolls
 d - a scroll of random uselessness {unknown}
 e - a scroll of enchant armour {unknown}
 g - 2 scrolls of amnesia {unknown}
Comestibles
 c - a bread ration
 h - 2 beef jerkies
 i - a meat ration


   Skills:
 - Level 2.6 Fighting
 + Level 4.6 Long Blades
 - Level 3.2 Dodging
 - Level 2.1 Stealth


You had 3 spell levels left.
You didn't know any spells.

Dungeon Overview and Level Annotations

Branches:
Dungeon (4/15)
 Temple: D:4-7

Altars:

Shops:
D:4 [(

Annotations:
D:3 1 runed door


Innate Abilities, Weirdness & Mutations

You are small and have problems with some larger weapons.
You are somewhat resistant to further mutation.


Message History

The worker ant moves out of view.
The howler monkey hits you.
* * * LOW HITPOINT WARNING * * *
You hit the howler monkey.
You kill the howler monkey!
Your Long Blades skill increases to level 4!
You have reached level 3!
Your experience leads to an increase in your attributes!
Increase (S)trength, (I)ntelligence, or (D)exterity?
You feel stronger.
You have reached level 4!
You aren't carrying any potions.
You hit the worker ant but do no damage.
The worker ant closely misses you.
You riposte.
You hit the worker ant but do no damage.
You hit the worker ant.
The worker ant is lightly wounded.
The worker ant bites you.
* * * LOW HITPOINT WARNING * * *
The worker ant bites you.
You die...

............# #####
...........+ ....+
..........# ....#
.......... ....#
....(.. ....# ....
....#############a#####
....##..........@.....#
.................>....#
......................+
......................#
.........#'#..........#
########.+∩'.##########
###+#.# #...# #####


You could see a worker ant.

Vanquished Creatures
  A howler monkey (D:4)
  An adder skeleton (D:4)
  3 dart slugs (D:1)
  A giant cockroach (D:4)
  A hobgoblin (D:1)
  2 kobolds (D:1)
  A ball python skeleton (D:4)
  A bat (D:1)
  A rat (D:1)
12 creatures vanquished.

Notes
Turn   | Place    | Note
-------+----------+-------------------------------------------
     0 | D:1      | Amnesiac the Halfling Monk began the quest for the Orb.
     0 | D:1      | Reached XP level 1. HP: 15/15 MP: 1/1
   211 | D:1      | Reached XP level 2. HP: 20/20 MP: 2/2
   268 | D:1      | You fall through a shaft!
   417 | D:3      | Found a runed door.
   448 | D:4      | Found Kafoix's Antique Armour Boutique.
   534 | D:4      | Found Big Lant's Antique Weapon Shop.
   548 | D:4      | Noticed a howler monkey
   587 | D:4      | Killed a howler monkey
   587 | D:4      | Reached skill level 4 in Long Blades
   587 | D:4      | Reached XP level 3. HP: 4/25 MP: 3/3
   587 | D:4      | Reached XP level 4. HP: 5/30 MP: 4/4
   589 | D:4      | Slain by a worker ant

Vault maps used:
D:1:      dpeg_arrival_tiny_f
D:2:      lemuel_doored_altar, chequers_temple_overflow_minitemple,
          hangedman_decor_lopped
D:3:      st_stairs_1, uniq_terence, uniq_crazy_yiuf_cottage, uniq_sigmund
D:4:      lemuel_crystal_altar, vehumet_statue, serial_shops, shop, shop_statue,
          nicolae_shop_competitors_out_of_business, nicolae_shop_trees,
          nicolae_shop_behind_doors, st_stairs_10, fedhas_altar_3

Skill      XL: |  1  2 |
---------------+-------+-----
Long Blades    | 4 |  4.6
Fighting       | |  2.6
Dodging        | |  3.2
Stealth        | |  2.1

Action                   |  1- 3 |  4- 6 || total
-------------------------+-------+-------++-------
Melee: Falchion          |    53 |     2 ||    55
 Stab: Sleeping          |     3 |       ||     3
Armor: Robe              |     7 |       ||     7
Dodge: Dodged            |    33 |     1 ||    34
       Rpst.: Falchion   |    10 |     1 ||    11
